 Dungeon Crawl Stone Soup version 0.31-a0-217-g58bb5d79cf (webtiles) character file.

Game seed: 12264147112528758570

94156 qw the Marksminotaur (level 15, 1/1 HPs)
             Began as a Minotaur Hexslinger on July 2, 2023.
             Was a Priest of Okawaru.
             Quit the game on level 1 of the Orcish Mines.
             The game lasted 00:22:15 (42231 turns).

qw the Marksminotaur (Minotaur Hexslinger)         Turns: 42231, Time: 00:22:16

Health: 1/1        AC: 19    Str: 12    XL:     15   Next: 62%
Magic:  21/21      EV: 30    Int: 10    God:    Okawaru [***...]
Gold:   526        SH:  0    Dex: 30    Spells: 15/16 levels left

rFire   . . .        b - +6 arbalest "Damnation" {damnation}
rCold   . . .        (shield currently unavailable)
rNeg    + . .        j - +3 ring mail of the Planets {rN+ Dex+3}
rPois   .            (helmet restricted)
rElec   .            o - +2 cloak {Will+}
rCorr   .            g - +2 pair of gloves
SInv    .            h - +1 pair of boots
Will    ++...        (no amulet)
Stlth   ++           a - +6 ring of dexterity
HPRegen 1.00/turn    q - +5 ring of evasion
MPRegen 0.17/turn

%: no passive effects
@: bezotted
A: horns 2, retaliatory headbutt, regeneration 1, sturdy frame 1
a: Renounce Religion, Heroism


You were on level 1 of the Orcish Mines.
You worshipped Okawaru.
Okawaru was most pleased with you.
You visited 4 branches of the dungeon, and saw 23 of its levels.
You also visited: Gauntlet.

You collected 2078 gold pieces.
You spent 1552 gold pieces at shops.


Innate Abilities, Weirdness & Mutations

You have a pair of horns on your head.
You reflexively headbutt those who attack you in melee.
Your natural rate of healing is unusually fast.
Your movements are slightly less encumbered by armour. (ER -2)


   Skills:
 - Level 16.1 Fighting
 - Level 20.0 Ranged Weapons
 + Level 9.0 Armour
 - Level 13.0 Dodging
 - Level 1.0 Spellcasting
 - Level 2.0 Hexes
 - Level 10.0 Invocations


You had 15 spell levels left.
You knew the following spells:

 Your Spells              Type           Power      Damage    Failure   Level
a - Slow                  Hex            16%        N/A       22%         1

Your spell library contained the following spells:

 Spells                   Type           Power      Damage    Failure   Level
 Inner Flame              Hex/Fire       2%         N/A       67%         3
 Portal Projectile        Hex/Tloc       4%         N/A       67%         3
 Cause Fear               Hex            2%         N/A       91%         4

Inventory:

Hand Weapons
 b - the +6 arbalest "Damnation" (weapon) {damnation}
   (Okawaru gifted it to you on level 15 of the Dungeon)
Armour
 g - a +2 pair of gloves (worn)
 h - a +1 pair of boots (worn)
 j - the +3 ring mail of the Planets (worn) {rN+ Dex+3}
   (You bought it in a shop on level 2 of the Orcish Mines)

   Dex:       It affects your dexterity (+3).
   rN:        It protects you from negative energy.
 o - a +2 cloak of willpower (worn)
 t - a +3 ring mail of fire resistance
Jewellery
 a - a +6 ring of dexterity (left hand)
 q - a +5 ring of evasion (right hand)
 r - a ring of protection from fire
Scrolls
 d - 6 scrolls of teleportation
 f - 5 scrolls of identify
Potions
 i - 2 potions of magic
 k - 2 potions of enlightenment
 l - 3 potions of curing
 n - 4 potions of might
 p - a potion of haste

Dungeon Overview and Level Annotations

Branches:
Dungeon (15/15)            Temple (1/1) D:7            Lair (5/5) D:9
 Shoals (0/4) Lair:2        Snake (0/4) Lair:3        Slime (0/5) Lair:5
    Orc (2/2) D:9 Zot: 990     Elf (0/3) Orc:2        Vaults (0/5) D:14
 Depths (0/4) D:15        Gauntlet (visited)

Altars:
Ashenzari
Cheibriados
Dithmenos
Elyvilon
Fedhas
Gozag
Hepliaklqana
Kikubaaqudgha
Makhleb
Nemelex Xobeh
Okawaru
Qazlal
Ru
Sif Muna
Trog
Uskayaw
Vehumet
Wu Jian
Xom
Yredelemnul
Zin
The Shining One

Shops:
D:9 [   D:13 [   Orc:2 [[[

Portals:
Abyss: D:12
Trove: D:10 (give +3 ice dragon scales)

Annotations:
D:2 1 runed translucent door, Crazy Yiuf
D:5 3 runed translucent doors, qw's ghost, novice GrFi
D:10 3 runed translucent doors
D:12 2 transporters, Plazmod's ghost, journeyman DECj
Lair:1 1 runed translucent door


Message History

Where to? (* - list waypoints, Enter - Orc:2 @ (x,y), ? - help)
What level of the Orcish Mines? (default 1, ? - help)
You climb downwards.
There is a stone staircase leading up here.
Done exploring.
You climb upwards.
There is a stone staircase leading down here.
Done exploring.
(D) Dungeon (T) Temple (L) Lair (A) Shoals (P) Snake Pit (M) Slime Pits (O) Orcish Mines (E) Elven Halls (V) Vaults (U) Depths
Where to? (* - list waypoints, Enter - Orc:2, ? - help)
What level of the Orcish Mines? (default 1, ? - help)
You climb downwards.
There is a stone staircase leading up here.
Things that are here:
a +0 kite shield; a +0 ring mail; a +0 spear
There is a stone staircase leading up here.
You climb upwards.
There is a stone staircase leading down here.
Done exploring.
(D) Dungeon (T) Temple (L) Lair (A) Shoals (P) Snake Pit (M) Slime Pits (O) Orcish Mines (E) Elven Halls (V) Vaults (U) Depths
Where to? (* - list waypoints, Enter - Orc:2 @ (x,y), ? - help)
What level of the Orcish Mines? (default 1, ? - help)
You climb downwards.
There is a stone staircase leading up here.
There is an escape hatch in the ceiling here.
There is a stone staircase leading up here.
You see here a +0 giant club.
Zot's power touches on you...
Buggy note passed: unknown note type HP restored.
You have lingered too long.
Zot senses you.
Dive deeper or flee this branch before you suffer!
There is a stone staircase leading up here.
You climb upwards.
There is a stone staircase leading down here.
42231 ||| QUITTING!
Are you sure you want to abandon this character and quit the game? (Confirm with "yes".)

.....##.....#
......#....######
#.........###...#
####.....#......##
#.......##...#...###
....###..#..###....##
...#.###.....##.....##
...######...###......#
...###......###.@...##
#...#........##....##
##................##
##.....##.....####
##......#.###...#
#..........#.#.##
....####...#####
..#####....#
....##....##


There were no monsters in sight!

Vanquished Creatures
  Frances (D:12)
  Gastronok (Lair:3)
  Nessos (Lair:5)
  A minotaur (Gauntlet)
  Snorg (Lair:5)
  Fannar (Lair:2)
  2 vault guards (D:14)
  5 hydras
  5 catoblepae (Lair:5)
  6 centaur warriors
  4 two-headed ogres
  A tengu warrior (D:15)
  A boulder beetle (Lair:1)
  A death scarab (Gauntlet)
  3 orc high priests (Orc:2)
  A vampire mage (D:15)
  6 death yaks (Lair:5)
  Amaemon (D:8)
  2 skeletal warriors (D:15)
  A golden dragon zombie (D:15)
  5 orc knights
  A sphinx zombie (D:15)
  4 necromancers
  A tengu zombie (D:15)
  A wolf spider (Lair:2)
  4 deep elf pyromancers
  2 ugly things
  5 orc sorcerers
  4 manticores
  6 cyclopes
  21 elephants
  9 black mambas
  A gargoyle (D:12)
  8 cane toads
  12 komodo dragons
  2 unseen horrors
  A kobold demonologist (D:11)
  An orange demon (D:8)
  A rime drake (shapeshifter) (D:13)
  An efreet (D:15)
  A freezing wraith (D:14)
  3 rime drakes
  A tengu conjurer (D:15)
  A merfolk (shapeshifter) (D:15)
  3 meliai (D:13)
  A polar bear (Lair:2)
  9 blink frogs
  6 trolls
  A spriggan zombie (D:15)
  6 slime creatures
  19 dream sheep
  A centaur simulacrum (D:15)
  3 wyverns
  A shadow (D:11)
  52 yaks
  A vampire (D:12)
  A spectral komodo dragon (Gauntlet)
  A wraith (D:13)
  6 basilisks
  Menkaure (D:5)
  21 humans
  2 steam dragons
  3 vampire mosquitoes (D:11)
  23 water moccasins
  3 ice beasts
  3 black bears
  19 orc warriors
  3 sky beasts (D:7)
  2 ogres
  23 wolves
  9 centaurs
  3 kobold brigands
  7 gnoll sergeants
  18 bullfrogs
  3 scorpions
  13 wights
  17 killer bees
  8 howler monkeys
  A bullfrog zombie (D:5)
  5 hounds
  9 jellies (Lair:5)
  7 gnoll boudas
  14 orc priests
  An iguana (D:6)
  11 orc wizards
  49 gnolls
  19 adders
  2 shadow imps (D:5)
  A white imp (D:8)
  An ufetubus (D:5)
  An adder zombie (D:5)
  5 worms
  A dart slug (D:5)
  34 orcs
  2 ball pythons
  9 endoplasms
  2 giant cockroaches (D:1)
  6 goblins
  2 hobgoblins (D:1)
  13 jackals
  14 kobolds
  4 quokkas
  7 bats
  A frilled lizard (D:1)
  2 rats
656 creatures vanquished.

Notes
Turn   | Place    | Note
-------+----------+-------------------------------------------
     0 | D:1      | qw the Minotaur Hexslinger began the quest for the Orb.
     0 | D:1      | Reached XP level 1. HP: 16/16 MP: 1/1
     0 | D:1      | 0 ||| qw: Version: 0.3-a-40-ge99b1a8
     0 | D:1      | 0 ||| qw: Game counter: 8033
     0 | D:1      | 0 ||| qw: Melee chars always use a shield: true
     0 | D:1      | 0 ||| qw: God list: Okawaru
     0 | D:1      | 0 ||| qw: Allow faded altars: false
     0 | D:1      | 0 ||| qw: Do Orc after clearing Dungeon:15 true
     0 | D:1      | 0 ||| qw: Do second Lair branch before Depths: true
     0 | D:1      | 0 ||| qw: Lair rune preference: random
     0 | D:1      | 0 ||| qw: Goals: Normal
     0 | D:1      | 0 ||| PLANNING D:1-11
   146 | D:1      | Reached skill level 3 in Ranged Weapons
   146 | D:1      | Reached XP level 2. HP: 23/23 MP: 2/2
   415 | D:1      | Reached XP level 3. HP: 29/29 MP: 3/3
   495 | D:1      | 495 ||| UPGRADING to +0 pair of gloves.
   500 | D:1      | 500 ||| UPGRADING to +0 leather armour.
   510 | D:1      | 510 ||| DROPPING +0 robe.
   511 | D:1      | 511 ||| UPGRADING to +0 ring mail.
   521 | D:1      | 521 ||| DROPPING +0 leather armour.
   522 | D:1      | 522 ||| UPGRADING to +5 ring of evasion.
   523 | D:1      | 523 ||| READING scroll labelled WATURR GYNNA.
   524 | D:1      | 524 ||| READING 2 scrolls labelled OCKAORGH YBOWK.
   525 | D:1      | 525 ||| READING scroll labelled ROGAYMP VU YGI.
   626 | D:1      | 626 ||| DROPPING scroll of poison.
   890 | D:2      | 890 ||| READING scroll of enchant armour.
   890 | D:2      | 890 ||| ENCHANTING +0 pair of gloves.
  1040 | D:2      | Reached skill level 4 in Ranged Weapons
  1113 | D:2      | Found an ornate altar of the Wu Jian Council.
  1123 | D:2      | Reached skill level 1 in Armour
  1178 | D:2      | Reached XP level 4. HP: 36/36 MP: 4/4
  1232 | D:2      | Found a runed translucent door.
  1233 | D:2      | Noticed Crazy Yiuf
  1561 | D:2      | 1561 ||| UPGRADING to +6 ring of strength.
  1562 | D:2      | 1562 ||| READING 2 scrolls labelled KEAHYSE HULEN.
  1620 | D:2      | 1620 ||| READING 2 scrolls labelled MUIGROG SOSTA.
  1621 | D:2      | 1621 ||| READING scroll labelled SEERCH NUIQ.
  1622 | D:2      | 1622 ||| DRINKING 2 dark potions.
  1623 | D:2      | 1623 ||| DROPPING scroll of fear.
  1688 | D:3      | Found a blossoming altar of Fedhas.
  1795 | D:3      | Found a shimmering blue altar of Sif Muna.
  1820 | D:3      | Reached skill level 5 in Ranged Weapons
  2208 | D:3      | 2208 ||| READING scroll labelled UFOBREXZON.
  2209 | D:3      | 2209 ||| DRINKING 2 amethyst potions.
  2260 | D:4      | Found a hide-covered altar of Uskayaw.
  2261 | D:4      | Noticed a +0 dagger
  2261 | D:4      | Noticed a +0 hand axe
  2407 | D:4      | Reached skill level 3 in Fighting
  2407 | D:4      | Reached XP level 5. HP: 42/45 MP: 5/5
  2431 | D:4      | 2431 ||| SWAPPING to +2 sling of freezing.
  2432 | D:4      | 2432 ||| DROPPING +1 sling.
  2468 | D:4      | Found a glowing silver altar of Zin.
  2835 | D:4      | 2835 ||| READING scroll labelled LIAGASMAYXT.
  2890 | D:5      | Entered Level 5 of the Dungeon
  3022 | D:5      | Noticed a centaur
  3032 | D:5      | Killed a centaur
  3033 | D:5      | Reached skill level 6 in Ranged Weapons
  3033 | D:5      | Reached XP level 6. HP: 16/51 MP: 6/6
  3169 | D:5      | 3169 ||| SWAPPING to +0 shortbow.
  3175 | D:5      | 3175 ||| DROPPING +2 sling of freezing.
  3211 | D:5      | Noticed Menkaure
  3222 | D:5      | HP: 11/51 [??? (8)]
  3223 | D:5      | 3223 ||| READING scroll of teleportation.
  3226 | D:5      | Killed Menkaure
  3386 | D:5      | Found a sparkling altar of Nemelex Xobeh.
  3549 | D:5      | Found a runed translucent gate.
  3549 | D:5      | Found a runed translucent gate.
  3549 | D:5      | Found a runed translucent gate.
  3549 | D:5      | Noticed qw's ghost (novice GrFi)
  3551 | D:5      | 3551 ||| READING scroll labelled QELAAC ARUWNOWN.
  3552 | D:5      | 3552 ||| READING 2 scrolls of identify.
  3552 | D:5      | 3552 ||| IDENTIFYING coppery potion
  3553 | D:5      | 3553 ||| DROPPING potion of degeneration.
  3554 | D:5      | Found a basalt altar of Yredelemnul.
  3559 | D:5      | Reached skill level 7 in Ranged Weapons
  3568 | D:5      | Reached XP level 7. HP: 60/60 MP: 7/7
  3609 | D:5      | Found a broken altar of Ashenzari.
  3626 | D:5      | 3626 ||| Stepping ~*~*~tactically~*~*~ (outnumbered).
  3636 | D:5      | 3636 ||| Stepping ~*~*~tactically~*~*~ (outnumbered).
  4003 | D:5      | 4003 ||| DROPPING ring of resist corrosion.
  4004 | D:5      | 4004 ||| READING 2 scrolls of identify.
  4004 | D:5      | 4004 ||| IDENTIFYING ruby potion
  4089 | D:6      | Reached skill level 8 in Ranged Weapons
  4150 | D:6      | Reached skill level 3 in Armour
  4286 | D:6      | Found a bloodstained altar of Trog.
  4432 | D:6      | 4432 ||| FLEEEEING.
  4434 | D:6      | 4434 ||| FLEEEEING.
  4435 | D:6      | 4435 ||| FLEEEEING.
  4436 | D:6      | 4436 ||| FLEEEEING.
  4437 | D:6      | 4437 ||| FLEEEEING.
  4438 | D:6      | 4438 ||| FLEEEEING.
  4586 | D:6      | Reached XP level 8. HP: 68/68 MP: 8/8
  4594 | D:6      | 4594 ||| SWAPPING to +0 heavy orcbow.
  4595 | D:6      | 4595 ||| DROPPING +1 shortbow.
  4666 | D:6      | Found a burning altar of Makhleb.
  4691 | D:6      | Reached skill level 3 in Dodging
  4813 | D:6      | 4813 ||| UPGRADING to +0 ring mail of positive energy.
  4823 | D:6      | 4823 ||| DROPPING +0 ring mail.
  4824 | D:6      | 4824 ||| READING scroll labelled SUMNEFUJYK.
  4825 | D:6      | 4825 ||| READING 2 scrolls of identify.
  4825 | D:6      | 4825 ||| IDENTIFYING orange potion
  4826 | D:6      | 4826 ||| DROPPING potion of brilliance.
  4866 | D:7      | Found a staircase to the Ecumenical Temple.
  4867 | D:7      | 4867 ||| PLANNING TEMPLE
  4886 | D:7      | Reached skill level 9 in Ranged Weapons
  4933 | Temple   | Entered the Ecumenical Temple
  4947 | Temple   | 4947 ||| PLANNING D:1-11
  4961 | D:7      | Identified the +5 war axe "Wuejir" {flame, *Slow rElec
                  | Will+++ rCorr}
  5064 | D:7      | Reached skill level 6 in Fighting
  5242 | D:7      | Reached skill level 10 in Ranged Weapons
  5262 | D:7      | Noticed a two-headed ogre
  5267 | D:7      | Killed a two-headed ogre
  5268 | D:7      | Reached XP level 9. HP: 63/82 MP: 9/9
  5791 | D:7      | 5791 ||| READING scroll labelled PUITI GOMALA.
  5839 | D:8      | 5839 ||| PLANNING OSSUARY
  5851 | D:8      | 5851 ||| STAIRDANCE
  5913 | D:8      | 5913 ||| STAIRDANCE
  5994 | D:8      | 5994 ||| Stepping ~*~*~tactically~*~*~ (cloud).
  6001 | D:8      | Reached skill level 11 in Ranged Weapons
  6165 | D:8      | 6165 ||| DRINKING 2 potions of curing.
  6165 | D:8      | 6165 ||| (to cure confusion)
  6283 | D:8      | Found a sand-covered staircase.
  6291 | D:8      | Noticed an orange demon
  6291 | D:8      | Noticed Amaemon
  6293 | D:8      | Killed an orange demon
  6301 | D:8      | 6301 ||| DRINKING potion of curing.
  6301 | D:8      | 6301 ||| (to cure bad poison)
  6304 | D:8      | HP: 18/82 [poisoned by Amaemon]
  6305 | D:8      | 6305 ||| DRINKING potion of heal wounds.
  6308 | D:8      | Killed Amaemon
  6309 | D:8      | Reached skill level 12 in Ranged Weapons
  6532 | D:8      | 6532 ||| RIP OSSUARY
  6552 | D:8      | 6552 ||| PLANNING D:1-11
  6782 | D:8      | 6782 ||| Stepping ~*~*~tactically~*~*~ (outnumbered).
  6784 | D:8      | Reached XP level 10. HP: 82/90 MP: 10/10
  7067 | D:8      | 7067 ||| UPGRADING to +0 steam dragon scales.
  7077 | D:8      | 7077 ||| DROPPING +0 ring mail of positive energy.
  7078 | D:8      | 7078 ||| READING 2 scrolls of identify.
  7078 | D:8      | 7078 ||| IDENTIFYING metallic cyan potion
  7079 | D:8      | 7079 ||| DROPPING potion of invisibility.
  7282 | D:9      | Reached skill level 6 in Dodging
  7300 | D:9      | Reached skill level 13 in Ranged Weapons
  7308 | D:9      | 7308 ||| Stepping ~*~*~tactically~*~*~ (outnumbered).
  7311 | D:9      | Reached skill level 9 in Fighting
  7311 | D:9      | 7311 ||| Stepping ~*~*~tactically~*~*~ (outnumbered).
  7672 | D:9      | HP: 18/91 [gnoll/+0 flail (9)]
  7675 | D:9      | HP: 8/91 [gnoll/+0 flail (5)]
  7927 | D:9      | Found Daerusmu's Antique Armour Shop.
  7931 | D:9      | 7931 ||| BUYING pair of boots (90 gold).
  7931 | D:9      | Bought a pair of boots for 90 gold pieces
  8016 | D:9      | 8016 ||| Stepping ~*~*~tactically~*~*~ (outnumbered).
  8112 | D:9      | Found a staircase to the Orcish Mines.
  8120 | D:9      | Reached skill level 14 in Ranged Weapons
  8140 | D:9      | 8140 ||| Stepping ~*~*~tactically~*~*~ (outnumbered).
  8161 | D:9      | 8161 ||| Stepping ~*~*~tactically~*~*~ (outnumbered).
  8195 | D:9      | Noticed a two-headed ogre
  8206 | D:9      | Killed a two-headed ogre
  8211 | D:9      | 8211 ||| FLEEEEING.
  8212 | D:9      | 8212 ||| FLEEEEING.
  8213 | D:9      | 8213 ||| FLEEEEING.
  8214 | D:9      | 8214 ||| FLEEEEING.
  8215 | D:9      | 8215 ||| FLEEEEING.
  8216 | D:9      | 8216 ||| FLEEEEING.
  8217 | D:9      | 8217 ||| FLEEEEING.
  8218 | D:9      | 8218 ||| FLEEEEING.
  8219 | D:9      | 8219 ||| FLEEEEING.
  8220 | D:9      | 8220 ||| FLEEEEING.
  8221 | D:9      | 8221 ||| FLEEEEING.
  8222 | D:9      | 8222 ||| FLEEEEING.
  8223 | D:9      | 8223 ||| FLEEEEING.
  8224 | D:9      | 8224 ||| STAIRDANCE
  8315 | D:8      | 8315 ||| UPGRADING to +0 pair of boots.
  8320 | D:8      | 8320 ||| READING scroll labelled APIMEP NEQAMU.
  8380 | D:9      | HP: 21/91 [poisoned by a gnoll sergeant]
  8385 | D:9      | HP: 14/91 [poisoned by a gnoll sergeant]
  8692 | D:9      | Found a staircase to the Lair.
  8810 | D:9      | 8810 ||| Stepping ~*~*~tactically~*~*~ (outnumbered).
  8842 | D:9      | 8842 ||| Stepping ~*~*~tactically~*~*~ (outnumbered).
  8846 | D:9      | Reached XP level 11. HP: 98/99 MP: 11/11
  8848 | D:9      | 8848 ||| Stepping ~*~*~tactically~*~*~ (outnumbered).
  8968 | D:9      | Found an iron altar of Okawaru.
  8969 | D:9      | 8969 ||| PLANNING OKAWARU WORSHIP
  8969 | D:9      | 8969 ||| UPGRADING to ring of see invisible.
  8971 | D:9      | 8971 ||| READING scroll labelled CARYCO LUNIARCH.
  8972 | D:9      | 8972 ||| READING 3 scrolls of identify.
  8972 | D:9      | 8972 ||| IDENTIFYING fizzy cyan potion
  8973 | D:9      | 8973 ||| READING 2 scrolls of identify.
  8973 | D:9      | 8973 ||| IDENTIFYING inky potion
  8974 | D:9      | 8974 ||| DROPPING potion of magic.
  8975 | D:9      | 8975 ||| DROPPING potion of attraction.
  9006 | D:9      | Became a worshipper of Warmaster Okawaru
  9007 | D:9      | 9007 ||| PLANNING D:1-11
  9096 | D:9      | 9096 ||| PLANNING LAIR
  9096 | D:9      | 9096 ||| UPGRADING to +6 ring of dexterity.
  9098 | D:9      | 9098 ||| DROPPING +6 ring of strength.
  9099 | D:9      | 9099 ||| UPGRADING to +5 ring of evasion.
  9101 | D:9      | 9101 ||| DROPPING ring of see invisible.
  9102 | D:9      | 9102 ||| READING scroll labelled DUM SIUCVISCH.
  9172 | Lair:1   | Entered Level 1 of the Lair of Beasts
  9210 | Lair:1   | Reached * piety under Okawaru
  9211 | Lair:1   | Reached skill level 9 in Dodging
  9216 | Lair:1   | 9216 ||| INVOKING Heroism.
  9226 | Lair:1   | 9226 ||| INVOKING Heroism.
  9227 | Lair:1   | 9227 ||| INVOKING Heroism.
  9232 | Lair:1   | Reached skill level 1 in Invocations
  9237 | Lair:1   | 9237 ||| INVOKING Heroism.
  9242 | Lair:1   | HP: 20/99 [yak (12)]
  9243 | Lair:1   | 9243 ||| DRINKING potion of heal wounds.
  9394 | Lair:1   | Reached skill level 15 in Ranged Weapons
  9397 | Lair:1   | Reached ** piety under Okawaru
  9401 | Lair:1   | Reached skill level 3 in Invocations
  9471 | Lair:1   | 9471 ||| INVOKING Heroism.
  9508 | Lair:1   | Noticed a boulder beetle
  9509 | Lair:1   | 9509 ||| INVOKING Heroism.
  9513 | Lair:1   | Killed a boulder beetle
  9603 | Lair:1   | Identified the +1 scale mail "Qieligiz" {rC+}
  9632 | Lair:1   | Reached *** piety under Okawaru
  9910 | Lair:1   | Found a runed translucent door.
 10176 | Lair:1   | 10176 ||| UPGRADING to +1 cloak.
 10181 | Lair:1   | 10181 ||| DRINKING 2 bubbling silvery potions.
 10217 | Lair:2   | 10217 ||| INVOKING Heroism.
 10226 | Lair:2   | Reached XP level 12. HP: 87/106 MP: 12/14
 10229 | Lair:2   | Reached skill level 16 in Ranged Weapons
 10324 | Lair:2   | 10324 ||| INVOKING Heroism.
 10363 | Lair:2   | Noticed Fannar
 10372 | Lair:2   | 10372 ||| INVOKING Heroism.
 10374 | Lair:2   | Killed Fannar
 10563 | Lair:2   | 10563 ||| INVOKING Heroism.
 10632 | Lair:2   | Reached **** piety under Okawaru
 10685 | Lair:2   | 10685 ||| INVOKING Heroism.
 10743 | Lair:2   | Found a staircase to the Shoals.
 10843 | Lair:2   | 10843 ||| INVOKING Heroism.
 10846 | Lair:2   | Received a gift from Okawaru
 10852 | Lair:2   | Reached skill level 6 in Armour
 10867 | Lair:2   | 10867 ||| INVOKING Heroism.
 10867 | Lair:2   | HP: 27/110 [poisoned by a cane toad]
 10868 | Lair:2   | 10868 ||| READING 2 scrolls of teleportation.
 10873 | Lair:2   | 10873 ||| FLEEEEING.
 10877 | Lair:2   | 10877 ||| FLEEEEING.
 10878 | Lair:2   | 10878 ||| FLEEEEING.
 10879 | Lair:2   | 10879 ||| FLEEEEING.
 10880 | Lair:2   | 10880 ||| FLEEEEING.
 10881 | Lair:2   | 10881 ||| STAIRDANCE
 11086 | Lair:1   | 11086 ||| UPGRADING to +2 robe of cold resistance.
 11096 | Lair:1   | 11096 ||| READING 3 scrolls of identify.
 11096 | Lair:1   | 11096 ||| IDENTIFYING viscous white potion
 11097 | Lair:1   | 11097 ||| READING 2 scrolls of identify.
 11097 | Lair:1   | 11097 ||| IDENTIFYING smoky blue potion
 11098 | Lair:1   | 11098 ||| DROPPING potion of ambrosia.
 11099 | Lair:1   | 11099 ||| DROPPING potion of berserk rage.
 11102 | Lair:2   | 11102 ||| INVOKING Heroism.
 11137 | Lair:2   | 11137 ||| INVOKING Heroism.
 11214 | Lair:2   | Reached skill level 12 in Fighting
 11397 | Lair:2   | 11397 ||| INVOKING Heroism.
 11483 | Lair:2   | 11483 ||| DROPPING ring of protection from cold.
 11495 | Lair:3   | 11495 ||| INVOKING Heroism.
 11540 | Lair:3   | Noticed a five-headed hydra
 11541 | Lair:3   | 11541 ||| INVOKING Heroism.
 11546 | Lair:3   | Killed a five-headed hydra
 11768 | Lair:3   | Reached skill level 6 in Invocations
 11976 | Lair:3   | Found a staircase to the Snake Pit.
 11984 | Lair:3   | Reached ***** piety under Okawaru
 11994 | Lair:3   | 11994 ||| INVOKING Heroism.
 12237 | Lair:3   | Reached XP level 13. HP: 119/119 MP: 17/17
 12478 | Lair:3   | Noticed Gastronok
 12479 | Lair:3   | 12479 ||| INVOKING Heroism.
 12500 | Lair:3   | 12500 ||| INVOKING Heroism.
 12505 | Lair:3   | Killed Gastronok
 12883 | Lair:3   | 12883 ||| DRINKING 2 smoky brown potions.
 12883 | Lair:3   | Gained mutation: You do not regenerate when monsters are
                  | visible. [potion of mutation]
 12883 | Lair:3   | Gained mutation: You are weak. (Str -2) [potion of
                  | mutation]
 12883 | Lair:3   | Lost mutation: You are weak. (Str -2) [potion of mutation]
 12884 | Lair:3   | 12884 ||| DRINKING potion of mutation.
 12884 | Lair:3   | Lost mutation: You do not regenerate when monsters are
                  | visible. [potion of mutation]
 12884 | Lair:3   | Gained mutation: Your movements are slightly less
                  | encumbered by armour. (ER -2) [potion of mutation]
 12884 | Lair:3   | Gained mutation: Your natural rate of healing is unusually
                  | fast. [potion of mutation]
 13024 | Lair:4   | 13024 ||| INVOKING Heroism.
 13104 | Lair:4   | 13104 ||| INVOKING Heroism.
 13374 | Lair:4   | Identified the +6 plate armour of Cowardice {-Tele rElec
                  | rF++ rCorr}
 13384 | Lair:4   | Found a glowing silver altar of Zin.
 13672 | Lair:4   | 13672 ||| DRINKING 2 black potions.
 13689 | Lair:5   | Entered Level 5 of the Lair of Beasts
 13689 | Lair:5   | Noticed Snorg
 13690 | Lair:5   | 13690 ||| INVOKING Heroism.
 13691 | Lair:5   | 13691 ||| INVOKING Finesse.
 13700 | Lair:5   | Killed Snorg
 13711 | Lair:5   | 13711 ||| Stepping ~*~*~tactically~*~*~ (cloud).
 13712 | Lair:5   | 13712 ||| Stepping ~*~*~tactically~*~*~ (cloud).
 13722 | Lair:5   | Reached skill level 12 in Dodging
 13761 | Lair:5   | Noticed Nessos
 13762 | Lair:5   | 13762 ||| INVOKING Finesse.
 13770 | Lair:5   | Killed Nessos
 13771 | Lair:5   | Reached skill level 9 in Invocations
 13809 | Lair:5   | 13809 ||| SWAPPING to +2 longbow of flaming.
 13810 | Lair:5   | 13810 ||| DROPPING +0 heavy orcbow.
 13835 | Lair:5   | 13835 ||| DRINKING potion of cancellation.
 13856 | Lair:5   | 13856 ||| INVOKING Heroism.
 14044 | Lair:5   | 14044 ||| INVOKING Heroism.
 14045 | Lair:5   | 14045 ||| INVOKING Finesse.
 14106 | Lair:5   | 14106 ||| INVOKING Finesse.
 14107 | Lair:5   | 14107 ||| Stepping ~*~*~tactically~*~*~ (cloud).
 14152 | Lair:5   | 14152 ||| INVOKING Heroism.
 14158 | Lair:5   | 14158 ||| INVOKING Finesse.
 14207 | Lair:5   | Reached skill level 17 in Ranged Weapons
 14207 | Lair:5   | Reached XP level 14. HP: 129/129 MP: 18/20
 14225 | Lair:5   | 14225 ||| FLEEEEING.
 14261 | Lair:5   | 14261 ||| READING scroll of enchant armour.
 14261 | Lair:5   | 14261 ||| ENCHANTING +1 pair of gloves.
 14308 | Lair:5   | 14308 ||| INVOKING Heroism.
 14324 | Lair:5   | 14324 ||| INVOKING Finesse.
 14425 | Lair:5   | 14425 ||| Stepping ~*~*~tactically~*~*~ (cloud).
 14429 | Lair:5   | 14429 ||| INVOKING Heroism.
 14430 | Lair:5   | 14430 ||| INVOKING Finesse.
 14431 | Lair:5   | 14431 ||| Stepping ~*~*~tactically~*~*~ (cloud).
 14701 | Lair:5   | 14701 ||| INVOKING Heroism.
 14702 | Lair:5   | 14702 ||| Stepping ~*~*~tactically~*~*~ (cloud).
 14706 | Lair:5   | 14706 ||| INVOKING Finesse.
 14712 | Lair:5   | Reached skill level 18 in Ranged Weapons
 14912 | Lair:5   | Found a staircase to the Slime Pits.
 15104 | Lair:5   | 15104 ||| PLANNING D:1-11
 15260 | D:10     | Entered Level 10 of the Dungeon
 15342 | D:10     | Found a shadowy altar of Dithmenos.
 15347 | D:10     | Found a hazy altar of Hepliaklqana.
 15350 | D:10     | Found an opulent altar of Gozag.
 15350 | D:10     | Found a radiant altar of Vehumet.
 15357 | D:10     | Found a stormy altar of Qazlal.
 15431 | D:10     | Found an ornate altar of the Wu Jian Council.
 15464 | D:10     | Received a gift from Okawaru
 15724 | D:10     | Found a runed translucent gate.
 15725 | D:10     | Found a runed translucent gate.
 15727 | D:10     | Found a runed translucent gate.
 15833 | D:10     | Found a portal to a secret trove of treasure.
 16179 | D:11     | 16179 ||| READING scroll of enchant weapon.
 16179 | D:11     | 16179 ||| ENCHANTING +2 longbow of flaming.
 16287 | D:11     | 16287 ||| READING 3 scrolls of identify.
 16287 | D:11     | 16287 ||| IDENTIFYING sapphire potion
 16288 | D:11     | 16288 ||| Stepping randomly (disturbance).
 16289 | D:11     | 16289 ||| DROPPING potion of lignification.
 16290 | D:11     | 16290 ||| Stepping randomly (disturbance).
 16310 | D:11     | 16310 ||| Stepping randomly (disturbance).
 16445 | D:11     | Reached skill level 19 in Ranged Weapons
 16690 | D:11     | 16690 ||| PLANNING D
 16735 | D:12     | Noticed Frances
 16736 | D:12     | 16736 ||| INVOKING Heroism.
 16737 | D:12     | 16737 ||| INVOKING Finesse.
 16753 | D:12     | Killed Frances
 16756 | D:12     | Identified the +5 ring mail "Wybbe" {Int+2} (Okawaru gifted
                  | it to you on level 12 of the Dungeon)
 16756 | D:12     | Received a gift from Okawaru
 16765 | D:12     | 16765 ||| STAIRDANCE
 16873 | D:12     | Found a transporter.
 16880 | D:12     | Found a one-way gate to the infinite horrors of the Abyss.
 16880 | D:12     | Noticed Plazmod's ghost (journeyman DECj)
 16881 | D:12     | Noticed a green very ugly thing
 16978 | D:12     | Found a transporter.
 17025 | D:12     | Found a radiant altar of Vehumet.
 17026 | D:12     | 17026 ||| DROPPING +0 steam dragon scales.
 17027 | D:12     | 17027 ||| Stepping randomly (disturbance).
 17028 | D:12     | 17028 ||| Stepping randomly (disturbance).
 17029 | D:12     | 17029 ||| UPGRADING to +5 ring mail "Wybbe" {Int+2}.
 17039 | D:12     | 17039 ||| DROPPING +2 robe of cold resistance.
 17248 | D:12     | 17248 ||| READING 4 scrolls of identify.
 17248 | D:12     | 17248 ||| IDENTIFYING puce potion
 17295 | D:13     | 17295 ||| STAIRDANCE
 17311 | D:13     | 17311 ||| STAIRDANCE
 17580 | D:13     | 17580 ||| INVOKING Heroism.
 17581 | D:13     | 17581 ||| Stepping ~*~*~tactically~*~*~ (outnumbered).
 17727 | D:13     | Found Cuptiehaqy's Armour Shop.
 17736 | D:13     | 17736 ||| BUYING +1 ring mail of poison resistance (169
                  | gold).
 17736 | D:13     | Bought a +1 ring mail of poison resistance for 169 gold
                  | pieces
 17736 | D:13     | 17736 ||| BUYING +2 robe of resistance (490 gold).
 17736 | D:13     | Bought a +2 robe of resistance for 490 gold pieces
 18216 | D:13     | 18216 ||| DROPPING +1 robe of fire resistance.
 18217 | D:13     | 18217 ||| UPGRADING to +1 ring mail of poison resistance.
 18227 | D:13     | 18227 ||| DROPPING ring of wizardry.
 18402 | D:14     | 18402 ||| Stepping ~*~*~tactically~*~*~ (outnumbered).
 18424 | D:14     | 18424 ||| Stepping ~*~*~tactically~*~*~ (outnumbered).
 18559 | D:14     | Identified the ring of Twilight {rN+++ MP+9 Slay-4 Stlth-}
 18650 | D:14     | Reached skill level 20 in Ranged Weapons
 18699 | D:14     | Found a gate to the Vaults.
 18705 | D:14     | 18705 ||| INVOKING Heroism.
 18708 | D:14     | Reached XP level 15. HP: 65/136 MP: 18/21
 18722 | D:14     | HP: 33/138 [vault guard simulacrum[a necromancer] (8)]
 18722 | D:14     | HP: 8/138 [vault guard simulacrum[a necromancer] (25)]
 18723 | D:14     | 18723 ||| READING 8 scrolls of teleportation.
 18724 | D:14     | 18724 ||| DRINKING potion of heal wounds.
 18729 | D:14     | 18729 ||| READING 7 scrolls of teleportation.
 19121 | D:14     | 19121 ||| UPGRADING to scarf of repulsion.
 19131 | D:14     | 19131 ||| DROPPING ring of Twilight {rN+++ MP+9 Slay-4
                  | Stlth-}.
 19164 | D:15     | Entered Level 15 of the Dungeon
 19335 | D:15     | 19335 ||| Stepping ~*~*~tactically~*~*~ (outnumbered).
 19337 | D:15     | 19337 ||| Stepping ~*~*~tactically~*~*~ (outnumbered).
 19406 | D:15     | 19406 ||| INVOKING Heroism.
 19419 | D:15     | Reached skill level 15 in Fighting
 19458 | D:15     | Reached ****** piety under Okawaru
 19504 | D:15     | 19504 ||| INVOKING Heroism.
 19577 | D:15     | Found a staircase to the Depths.
 19580 | D:15     | Received a gift from Okawaru
 19580 | D:15     | Found the +6 arbalest "Damnation" {damnation}
 19582 | D:15     | 19582 ||| SWAPPING to +6 arbalest "Damnation" {damnation}.
 19583 | D:15     | 19583 ||| DROPPING +3 longbow of flaming.
 19588 | D:15     | 19588 ||| INVOKING Heroism.
 19806 | D:15     | 19806 ||| PLANNING ORC
 19965 | Orc:1    | Entered Level 1 of the Orcish Mines
 20060 | Orc:1    | 20060 ||| Stepping ~*~*~tactically~*~*~ (outnumbered).
 20063 | Orc:1    | 20063 ||| Stepping ~*~*~tactically~*~*~ (outnumbered).
 20317 | Orc:2    | Entered Level 2 of the Orcish Mines
 20318 | Orc:2    | 20318 ||| PLANNING GAUNTLET
 20341 | Orc:2    | Found a staircase to the Elven Halls.
 20422 | Orc:2    | Found a gate leading to a gauntlet.
 20431 | Gauntlet | Entered a Gauntlet
 20431 | Gauntlet | Found a transporter.
 20440 | Gauntlet | Found a transporter.
 20443 | Gauntlet | Found a transporter.
 20444 | Gauntlet | Found a transporter.
 20452 | Gauntlet | Found a transporter.
 20455 | Gauntlet | Found a transporter.
 20456 | Gauntlet | Found a transporter.
 20466 | Gauntlet | Found a transporter.
 20468 | Gauntlet | Found a transporter.
 20469 | Gauntlet | Found a transporter.
 20477 | Gauntlet | Found a transporter.
 20480 | Gauntlet | Found a transporter.
 20481 | Gauntlet | Found a transporter.
 20497 | Gauntlet | Found a transporter.
 20570 | Gauntlet | 20570 ||| INVOKING Heroism.
 20586 | Gauntlet | 20586 ||| READING scroll of enchant armour.
 20586 | Gauntlet | 20586 ||| ENCHANTING +0 pair of boots.
 20602 | Gauntlet | Identified the +6 shortbow of the Slime-mould {elec, rCorr
                  | Dex+4}
 20603 | Gauntlet | 20603 ||| INVOKING Heroism.
 20619 | Gauntlet | Identified the -1 pair of boots "Quechoum" {-Tele rN+++
                  | MP+9 Dex-4}
 20652 | Gauntlet | 20652 ||| DROPPING +2 robe of resistance.
 20653 | Gauntlet | 20653 ||| DROPPING -1 pair of boots "Quechoum" {-Tele rN+++
                  | MP+9 Dex-4}.
 20654 | Gauntlet | 20654 ||| DROPPING +0 hat of intelligence.
 20655 | Gauntlet | 20655 ||| DROPPING ring of magical power.
 20656 | Gauntlet | 20656 ||| DROPPING ring of willpower.
 20657 | Gauntlet | 20657 ||| DROPPING ring of flight.
 20672 | Orc:2    | 20672 ||| PLANNING ORC
 20786 | Orc:2    | 20786 ||| Stepping ~*~*~tactically~*~*~ (outnumbered).
 20788 | Orc:2    | 20788 ||| Stepping ~*~*~tactically~*~*~ (outnumbered).
 20791 | Orc:2    | 20791 ||| INVOKING Heroism.
 20794 | Orc:2    | 20794 ||| Stepping ~*~*~tactically~*~*~ (outnumbered).
 20818 | Orc:2    | Reached skill level 9 in Armour
 20831 | Orc:2    | Found Rucenic's Armour Shop.
 20836 | Orc:2    | Found Geonn's Armour Emporium.
 20840 | Orc:2    | 20840 ||| BUYING +3 ring mail of the Planets {rN+ Dex+3}
                  | (365 gold).
 20840 | Orc:2    | Bought the +3 ring mail of the Planets {rN+ Dex+3} for 365
                  | gold pieces
 20843 | Orc:2    | 20843 ||| BUYING +2 cloak of willpower (258 gold).
 20843 | Orc:2    | Bought a +2 cloak of willpower for 258 gold pieces
 20843 | Orc:2    | Found Hokka's Jewellery Emporium.
 20845 | Orc:2    | Found Fess's Antique Armour Shop.
 20853 | Orc:2    | 20853 ||| BUYING runed leather armour (180 gold).
 20853 | Orc:2    | Bought a runed leather armour for 180 gold pieces
 21113 | Orc:2    | 21113 ||| DROPPING +1 cloak.
 21114 | Orc:2    | 21114 ||| UPGRADING to +3 ring mail of the Planets {rN+
                  | Dex+3}.
 21124 | Orc:2    | 21124 ||| DROPPING +1 ring mail of poison resistance.
 21125 | Orc:2    | 21125 ||| DROPPING +5 ring mail "Wybbe" {Int+2}.
 21126 | Orc:2    | 21126 ||| UPGRADING to +2 cloak of willpower.
 21136 | Orc:2    | 21136 ||| DROPPING scarf of repulsion.
 21137 | Orc:2    | 21137 ||| DROPPING +1 leather armour of poison resistance.
 30753 | Orc:1    | Glimpsed the power of Zot.
 31230 | Orc:2    | Glimpsed the power of Zot.
 31612 | Orc:1    | Glimpsed the power of Zot.
 31709 | Orc:2    | Touched by the power of Zot (MHP 144 -> 117)
 31710 | Orc:2    | Glimpsed the power of Zot.
 32187 | Orc:2    | Glimpsed the power of Zot.
 32569 | Orc:2    | Glimpsed the power of Zot.
 32664 | Orc:2    | Touched by the power of Zot (MHP 114 -> 92)
 32665 | Orc:2    | Glimpsed the power of Zot.
 33142 | Orc:2    | Glimpsed the power of Zot.
 33524 | Orc:2    | Glimpsed the power of Zot.
 33619 | Orc:2    | Touched by the power of Zot (MHP 90 -> 72)
 33620 | Orc:2    | Glimpsed the power of Zot.
 34098 | Orc:2    | Glimpsed the power of Zot.
 34480 | Orc:1    | Glimpsed the power of Zot.
 34574 | Orc:2    | Touched by the power of Zot (MHP 70 -> 56)
 34575 | Orc:2    | Glimpsed the power of Zot.
 35054 | Orc:2    | Glimpsed the power of Zot.
 35436 | Orc:2    | Glimpsed the power of Zot.
 35530 | Orc:2    | Touched by the power of Zot (MHP 55 -> 43)
 35531 | Orc:2    | Glimpsed the power of Zot.
 36009 | Orc:2    | Glimpsed the power of Zot.
 36391 | Orc:2    | Glimpsed the power of Zot.
 36487 | Orc:2    | Touched by the power of Zot (MHP 41 -> 32)
 36488 | Orc:2    | Glimpsed the power of Zot.
 36965 | Orc:2    | Glimpsed the power of Zot.
 37348 | Orc:2    | Glimpsed the power of Zot.
 37443 | Orc:2    | Touched by the power of Zot (MHP 31 -> 23)
 37444 | Orc:2    | Glimpsed the power of Zot.
 37921 | Orc:2    | Glimpsed the power of Zot.
 38303 | Orc:2    | Glimpsed the power of Zot.
 38398 | Orc:2    | Touched by the power of Zot (MHP 23 -> 17)
 38399 | Orc:2    | Glimpsed the power of Zot.
 38877 | Orc:2    | Glimpsed the power of Zot.
 39259 | Orc:1    | Glimpsed the power of Zot.
 39353 | Orc:2    | Touched by the power of Zot (MHP 16 -> 11)
 39354 | Orc:2    | Glimpsed the power of Zot.
 39833 | Orc:2    | Glimpsed the power of Zot.
 40215 | Orc:2    | Glimpsed the power of Zot.
 40309 | Orc:2    | Touched by the power of Zot (MHP 11 -> 7)
 40310 | Orc:2    | Glimpsed the power of Zot.
 40788 | Orc:2    | Glimpsed the power of Zot.
 41170 | Orc:2    | Glimpsed the power of Zot.
 41264 | Orc:2    | Touched by the power of Zot (MHP 6 -> 2)
 41265 | Orc:2    | Glimpsed the power of Zot.
 41743 | Orc:2    | Glimpsed the power of Zot.
 42125 | Orc:2    | Glimpsed the power of Zot.
 42221 | Orc:2    | Touched by the power of Zot (MHP 2 -> 1)
 42222 | Orc:2    | Glimpsed the power of Zot.
 42231 | Orc:1    | 42231 ||| QUITTING!
 42231 | Orc:1    | Quit the game

Levels and vault maps discovered:
D:1:      onia_arrival_pyramid, layout_rooms, minmay_misc_feat_rugged
D:2:      layout_loops_corners, basic_altar, serial_bayou_crossing,
          uniq_crazy_yiuf_cottage
D:3:      layout_basic, lemuel_crystal_altar, mainiacjoe_overflow_boulevard,
          serial_aquarium, aquarium_bridge_square [aquarium_subvault_window,
          aquarium_subvault_bridge, aquarium_subvault_window,
          aquarium_subvault_wall], aquarium_window_1, aquarium_window_fake,
          aquarium_view_2e, aquarium_view_2d, aquarium_pool_five,
          nicolae_wormholes
D:4:      layout_loops_ring, zin_academy, dancing_weapons_uskayaw,
          nicolae_elevator_lobby_plus
D:5:      layout_loops_cross, mainiacjoe_overflow_cross_hatched,
          nicolae_yredelemnul_ghost_church, nemelex_dance_club_becter,
          hangedman_abyss_or_decor_passed, uniq_menkaure
D:6:      layout_rooms, lightli_temple_of_fire, pf_just_have_faith,
          glass_columns_b, minmay_circle_x
D:7:      layout_basic, minmay_temple_entry_butterflies,
          kennysheep_generic_room_4
D:8:      minmay_clustersquares, layout_basic,
          nicolae_ossuary_entry_false_entrances, roderic_roman_lattice,
          palyth_stone_intersect, uniq_amaemon
D:9:      layout_cave_pools, okawaru_humans, grunt_lair_entry_orc_guard_hut,
          minmay_orc_entry_temple_small, serial_gnoll_camp,
          gnoll_camp_medium_02, gnoll_camp_medium_01, gnoll_camp_huts_basic,
          gnoll_camp_mini_hut, gnoll_camp_mini_shop
D:10:     layout_roguey, mainiacjoe_overflow_concentric_impassable,
          nicolae_overflow_hallway_of_the_gods, serial_rivers,
          chequers_serial_rivers_room_a, chequers_serial_rivers_marsh,
          chequers_serial_rivers_room_b, chequers_serial_rivers_marsh,
          nicolae_trove_entry_crystal,
          ploomutoo_gammafunk_ghost_potion_laboratory
D:11:     layout_basic
D:12:     layout_rooms, gammafunk_ghost_abyssal_escape,
          nicolae_vehumet_altar_sigil, uniq_frances
D:13:     layout_long_grid, serial_shops, shop, minmay_misc_feat_enclosed
D:14:     layout_long_grid, grunt_vaults_entry_tiered
D:15:     gammafunk_depths_entry_grave, layout_layer_cave,
          nicolae_triple_integral
Temple:   nicolae_temple_stand_before_the_council
Lair:1:   gammafunk_indiana_jones, layout_gridlike, st_stairs_6
Lair:2:   minmay_lair_venomous_thicket, layout_regular_city, shoals_dummy_entry,
          uniq_fannar
Lair:3:   layout_cave_pods, minmay_snake_entry_six_corridors, uniq_gastronok
Lair:4:   layout_loops_ring, basic_altar, grunt_megastairs_1
Lair:5:   evilmike_catoblepas_cave, layout_regular_city,
          minmay_slime_entry_jelly_boxes, grunt_megastairs_4, uniq_snorg,
          uniq_nessos
Orc:1:    layout_diamond_mine, abandoned_shop
Orc:2:    st_orc_elflike, layout_caves, gauntlet_entry_generic

Skill      XL: |  1  2  3  4  5  6  7  8  9 10 11 12 13 14 15 |
---------------+----------------------------------------------+-----
Ranged Weapons | 3 4 5 6 7 8 10 12 14 15 16 17 20 | 20.0
Fighting       | 2 3 4 5 8 9 10 12 13 16 | 16.1
Armour         | 1 3 4 6 8 9 |  9.0
Dodging        | 3 4 7 9 11 12 13 | 13.0
Invocations    | 4 6 10 | 10.0
Spellcasting   | |  1.0
Hexes          | |  2.0

Action                     |  1- 3 |  4- 6 |  7- 9 | 10-12 | 13-15 || total
---------------------------+-------+-------+-------+-------+-------++-------
   Fire: Sling             |    86 |   131 |       |       |       ||   217
         Shortbow          |       |    40 |   113 |       |       ||   153
         Orcbow            |       |       |   161 |   564 |   150 ||   875
         Longbow           |       |       |       |       |   722 ||   722
         Arbalest          |       |       |       |       |    74 ||    74
 Invoke: Heroism           |       |       |       |    18 |    20 ||    38
         Finesse           |       |       |       |       |     9 ||     9
    Use: Scroll            |     4 |     8 |     4 |     9 |     7 ||    32
         Potion            |       |     2 |     3 |     2 |     5 ||    12
 Armour: Robe              |     4 |       |       |    12 |    31 ||    47
         Ring mail         |     6 |    12 |    46 |       |    29 ||    93
         Steam dragon scal |       |       |       |    56 |       ||    56
         Skin              |       |       |       |       |     1 ||     1
  Dodge: Dodged            |    33 |    73 |   233 |   547 |   494 ||  1380
         Repelled          |       |       |       |       |     1 ||     1

Table legend:
 A = Non-vault XP
 B = Vault XP
 C = Vault XP percentage of total XP
 D = Non-vault monster count
 E = Vault monster count
 F = Vault count percentage of total count
                 A         B        C        D         E       F
            +---------+---------+-------+---------+---------+-------
      Total |   77870 |   56639 |  42.1 |     432 |     224 |  34.1
            +---------+---------+-------+---------+---------+-------
        D:1 |      42 |       0 |   0.0 |      16 |       0 |   0.0
        D:2 |      78 |       0 |   0.0 |      17 |       0 |   0.0
        D:3 |      56 |      10 |  15.2 |      21 |       2 |   8.7
        D:4 |      17 |       5 |  22.7 |       3 |       1 |  25.0
        D:5 |     363 |     357 |  49.6 |      17 |       5 |  22.7
        D:6 |     439 |     244 |  35.7 |      13 |       4 |  23.5
        D:7 |    1665 |     132 |   7.3 |      20 |       1 |   4.8
        D:8 |    1070 |    2110 |  66.4 |      14 |      12 |  46.2
        D:9 |    2463 |    2629 |  51.6 |      37 |      56 |  60.2
       D:10 |    2513 |       0 |   0.0 |      21 |       0 |   0.0
       D:11 |    6027 |       0 |   0.0 |      17 |       0 |   0.0
       D:12 |    4939 |    1557 |  24.0 |      20 |       1 |   4.8
       D:13 |    4794 |       0 |   0.0 |      12 |       0 |   0.0
       D:14 |    3297 |    7425 |  69.3 |      10 |      25 |  71.4
       D:15 |   10051 |    5227 |  34.2 |      20 |       8 |  28.6
     Lair:1 |    9024 |     633 |   6.6 |      35 |       2 |   5.4
     Lair:2 |    7336 |    2950 |  28.7 |      31 |      15 |  32.6
     Lair:3 |    5258 |    4549 |  46.4 |      21 |      12 |  36.4
     Lair:4 |    3179 |    1789 |  36.0 |      17 |       4 |  19.0
     Lair:5 |   13962 |   16827 |  54.7 |      46 |      48 |  51.1
      Orc:1 |     219 |       0 |   0.0 |       5 |       0 |   0.0
      Orc:2 |    1078 |    8229 |  88.4 |      19 |      25 |  56.8
   Gauntlet |       0 |    1966 | 100.0 |       0 |       3 | 100.0
            +---------+---------+-------+---------+---------+-------
